 Dungeon Crawl Stone Soup version 0.19.0-11-g3fc08b3 (webtiles) character file.

23089 spe3d0 the Blocker (level 13, 0/75 HPs)
             Began as a Gargoyle Fighter on Nov 9, 2016.
             Was a High Priest of the Shining One.
             Killed from afar by an oklob plant (7 damage)
             ... with a splash of acid
             ... on level 2 of the Lair of Beasts.
             The game lasted 00:29:29 (11884 turns).

spe3d0 the Blocker (Gargoyle Fighter)              Turns: 11884, Time: 00:29:29

Health: 0/75       AC: 12    Str: 20    XL:     13   Next: 4%
Magic:  13/13      EV: 13    Int: 13    God:    the Shining One [*****.]
Gold:   314        SH: 13    Dex: 13    Spells: 1 memorised, 10 levels left

rFire  + . .     SeeInvis .     B - +6 spear of Jeazxovad {flame, rElec rF+}
rCold  . . .     Gourm    +     G - +0 mottled dragon scales
rNeg   + + +     Faith    .     c - +0 shield
rPois  ∞         Spirit   .     d - +0 helmet
rElec  +         Reflect  .     (no cloak)
rCorr  .         Harm     .     (no gloves)
MR     .....                    (no boots)
Stlth  +.........               i - amulet of the gourmand
                                (no ring)
                                I - +3 ring of intelligence

@: corroded, glowing
A: negative energy resistance 1, electricity resistance, unbreathing,
petrification resistance, rot immunity, AC +9
a: Divine Shield, Cleansing Flame, Summon Divine Warrior, Renounce Religion


You were on level 2 of the Lair of Beasts.
You worshipped the Shining One.
The Shining One was extremely pleased with you.
You were completely stuffed.

You visited 2 branches of the dungeon, and saw 13 of its levels.

You collected 314 gold pieces.


Innate Abilities, Weirdness & Mutations

You are resistant to torment.
Your stone body is resilient. (AC +9)
You are immune to poison.
You resist negative energy. (rN+)
You are resistant to electric shocks. (rElec)
You can survive without breathing.
You are immune to petrification.
You are immune to rotting.


   Skills:
 * Level 6.4 Fighting
   Level 4.5 Maces & Flails
 - Level 10.1 Polearms
 - Level 12.9 Armour
 * Level 4.0 Dodging
 - Level 13.0 Shields


You had 10 spell levels left.
You knew the following spells:

 Your Spells              Type           Power        Failure   Level  Hunger
r - Repel Missiles        Chrm/Air       #.....       75%         2    ###....

Inventory:

Hand Weapons
 b - the +4 hunting sling "Moinak" {speed, rPois MR+ Int-5 Dex+7}
   (You found it on level 2 of the Lair of Beasts)

   Attacks with this weapon are significantly faster.
   It affects your intelligence (-5).
   It affects your dexterity (+7).
   It protects you from poison.
   It affects your resistance to hostile enchantments.
 B - the +6 spear of Jeazxovad (weapon) {flame, rElec rF+}
   (You found it on level 5 of the Dungeon)

   It has been specially enchanted to burn those struck by it, causing extra
   injury to most foes and up to half again as much damage against particularly
   susceptible opponents.
   It protects you from fire.
   It insulates you from electricity.
Armour
 c - a +0 shield (worn)
 d - a +0 helmet (worn)
 G - +0 mottled dragon scales (worn)
Jewellery
 i - an amulet of the gourmand (around neck)
 n - an uncursed amulet of magic regeneration {unknown}
 I - a +3 ring of intelligence (left hand)
Wands
 q - a wand of slowing (24/48)
 t - a wand of iceblast (5/15)
 E - a wand of disintegration (6/24)
 P - a wand of enslavement (15/24)
 S - a wand of lightning (7/15)
 W - a wand of paralysis (15/24)
Scrolls
 h - a scroll of amnesia
 m - 3 scrolls of remove curse {@r2}
 o - 5 scrolls of identify {@r1}
 p - 3 scrolls of teleportation {unknown}
 r - 2 scrolls of noise {unknown}
 u - a scroll of random uselessness {unknown}
 y - a scroll of fog {unknown}
 C - a scroll of immolation {unknown}
 K - 2 scrolls of recharging {unknown}
Potions
 e - 2 potions of flight
 g - 3 potions of lignification {!q}
 l - 2 potions of degeneration {unknown}
 A - a potion of ambrosia {unknown}
 L - 2 potions of might
 M - 2 potions of resistance {unknown}
 O - a potion of mutation {unknown}
 T - 2 potions of curing {@q1}
 X - 2 potions of agility
 Z - a potion of heal wounds {@q2}
Books
 j - a book of Air

   Spells                             Type                      Level
   a - Shock                          Conjuration/Air              1
   b - Swiftness                      Charms/Air                   2
   c - Repel Missiles                 Charms/Air                   2
   d - Static Discharge               Conjuration/Air              3
   e - Lightning Bolt                 Conjuration/Air              5
 s - a book of the Sky

   Spells                             Type                      Level
   a - Summon Lightning Spire         Summoning/Air                4
   b - Airstrike                      Air                          4
   c - Silence                        Hexes/Air                    5
   d - Deflect Missiles               Charms/Air                   6
   e - Conjure Ball Lightning         Conjuration/Air              6
   f - Tornado                        Air                          9
 x - the Catalogue of Toxins
   (You found it on level 5 of the Dungeon)

   Spells                             Type                      Level
   a - Sting                          Conjuration/Poison           1
   b - Mephitic Cloud                 Conjuration/Poison/Air       3
   c - Spider Form                    Transmutation/Poison         3
   d - Olgreb's Toxic Radiance        Poison                       4
   e - Poisonous Cloud                Conjuration/Poison/Air       6
   The Shining One disapproves of the use of such an item.
 Q - a book of Power

   Spells                             Type                      Level
   a - Fulminant Prism                Conjuration/Hexes            4
   b - Iskenderun's Mystic Blast      Conjuration                  4
   c - Venom Bolt                     Conjuration/Poison           5
   d - Bolt of Magma                  Conjuration/Fire/Earth       5
   e - Iron Shot                      Conjuration/Earth            6
   f - Orb of Destruction             Conjuration                  7
   g - Spellforged Servitor           Conjuration/Summoning        7
 U - a book of Necromancy

   Spells                             Type                      Level
   a - Pain                           Necromancy                   1
   b - Animate Skeleton               Necromancy                   1
   c - Vampiric Draining              Necromancy                   3
   d - Regeneration                   Charms/Necromancy            3
   e - Animate Dead                   Necromancy                   4
   f - Control Undead                 Necromancy                   4
   The Shining One disapproves of the use of such an item.
Comestibles
 a - a slice of pizza {@e2}
 f - 12 bread rations {@e1}
 k - 13 fruits {@e2}
 v - a beef jerky {@e2}
 w - a chunk of flesh
 z - 6 meat rations {@e1}
 N - 14 royal jellies {@e3}

Dungeon Overview and Level Annotations

Branches:
Dungeon (12/15)              Lair (2/6) D:10            Orc (0/2) D:12
 Temple: D:4-7        Swamp: Lair:2-4    Shoals: Lair:2-4     Snake: Lair:2-4
 Spider: Lair:2-4

Altars:
Ashenzari
Cheibriados
Gozag
Okawaru
Ru
Trog
Vehumet
Xom
Yredelemnul
Zin
The Shining One

Shops:
D:4 [   D:11 (   D:12 =*[

Portals:
Trove: D:11 (give wand of heal wounds (9))

Annotations:
Lair:2 exclusion: 3 oklob plants

##..........###......####.......#
#.#........P##...^....# #...#...#
###.......>..........## #...#..##
###########################..#P
### #PP###............
#P..####.P.##.P.........
##P..P.P.PP.P......#....
...P.PPPP..P.P.PPP##..P#
P.....P@....P..#P####.##
..P..###..P..#######..# P..P
#####...#...##.## P
########...##..#
####.........##...P
##########..#...............
#...........................
######.#.#.##.###.#.#.######
########## ####### #


You could see 2 oklob plants.


Message History

You hit the oklob plant but do no damage.
The oklob plant is heavily damaged.
The oklob plant spits acid at you. The splash of acid hits you!
* * * LOW HITPOINT WARNING * * *
The acid corrodes you!
You are splashed with acid!
The acid burns!
* * * LOW HITPOINT WARNING * * *
You hit the oklob plant but do no damage.
The oklob plant is heavily damaged.
You hit the oklob plant. You burn the oklob plant.
The oklob plant is severely damaged.
You hit the oklob plant but do no damage.
The oklob plant is severely damaged.
You hit the oklob plant but do no damage.
The oklob plant is severely damaged.
You hit the oklob plant. You burn the oklob plant.
The oklob plant is severely damaged.
You hit the oklob plant but do no damage.
The oklob plant is severely damaged.
You hit the oklob plant but do no damage.
The oklob plant is severely damaged.
You hit the oklob plant but do no damage.
The oklob plant is severely damaged.
You hit the oklob plant but do no damage.
The oklob plant is severely damaged.
You hit the oklob plant but do no damage.
The oklob plant is severely damaged.
The oklob plant spits acid at you. The splash of acid hits you!
You die...

Skill      XL: |  1  2  3  4  5  6  7  8  9 10 11 12 13 |
---------------+----------------------------------------+-----
Shields        | 4 5 6 7 9 10 12 13 | 13.0
Armour         | 4 5 6 7 9 10 12 | 12.9
Maces & Flails | 3 4 |  4.5
Polearms       | 2 4 6 7 9 10 | 10.1
Dodging        | 3 4 |  4.0
Fighting       | 6 |  6.4

Action                   |  1- 3 |  4- 6 |  7- 9 | 10-12 | 13-15 || total
-------------------------+-------+-------+-------+-------+-------++-------
Melee: Flail             |    92 |   184 |       |       |       ||   276
       Mace              |       |    29 |    41 |       |       ||    70
       Spear             |       |       |   228 |   988 |    50 ||  1266
  Use: Scroll            |     1 |       |     2 |       |       ||     3
       Potion            |     1 |       |     6 |     6 |       ||    13
 Stab: Distracted        |       |       |     1 |       |       ||     1
  Eat: Chunk             |     9 |     9 |     7 |    24 |       ||    49
Armor: Scale mail        |    61 |   151 |    85 |    66 |       ||   363
       Skin              |       |       |    14 |    31 |       ||    45
       Mottled dragon sc |       |       |       |   181 |       ||   181
Dodge: Dodged            |    42 |    65 |    68 |   220 |       ||   395
Block: Shield            |    61 |   120 |   102 |   475 |     1 ||   759

Vault maps used:
D:1:      minmay_arrival_diagonal_passages, grunt_decor_one_mirror
D:2:      tso_oasis_becter, lemuel_crystal_altar, ashenzari_altar_1
D:3:      uniq_sigmund, uniq_iyjb, uniq_robin
D:4:      overflow_temple_1_default, overflow_temple_1_default, serial_shops,
          shop_fountains, first_bread
D:5:      kennysheep_slugbush, hangedman_feature_mirror, corexii_hall_statues_i,
          uniq_prince_ribbit1
D:6:      grunt_temple_overflow_forces_of_nature, lemuel_doored_altar
D:8:      makhleb_heckhound_becter
D:9:      kennysheep_little_box, zin_statuary, old_standard_altar
D:10:     dpeg_lair_monsters, minmay_pinched_square
D:11:     enter_trove_3, serial_shops, shop, hangedman_stone_soup,
          hangedman_feature_mirror
D:12:     hiddenorc2_lemuel, special_room, serial_shops, shop, shop,
          nicolae_shop_statue_plus, onia_ninara_dug_in_and_dangerous
Lair:2:   minmay_lair_oklob_tunnel, grunt_megastairs_5, bh_autumn_forest_stairs,
          serial_bayou_shore_b

Notes
Turn   | Place    | Note
-------+----------+-------------------------------------------
     0 | D:1      | spe3d0 the Gargoyle Fighter began the quest for the Orb.
     0 | D:1      | Reached XP level 1. HP: 14/14 MP: 1/1
   217 | D:1      | Reached XP level 2. HP: 18/19 MP: 2/2
   613 | D:2      | Reached XP level 3. HP: 23/23 MP: 3/3
   674 | D:2      | Reached skill level 4 in Shields
   771 | D:2      | Found a glowing golden altar of the Shining One.
   776 | D:2      | Became a worshipper of the Shining One
   783 | D:2      | Found an opulent altar of Gozag.
   813 | D:2      | Reached skill level 4 in Armour
   813 | D:2      | Reached XP level 4. HP: 8/28 MP: 4/4
   813 | D:2      | HP: 2/28 [gnoll/halberd (7)]
  1406 | D:2      | Found a shattered altar of Ashenzari.
  1458 | D:3      | Noticed Robin
  1490 | D:3      | Reached skill level 3 in Maces & Flails
  1497 | D:3      | Killed Robin
  1648 | D:3      | Reached XP level 5. HP: 26/32 MP: 5/5
  1910 | D:3      | Noticed Ijyb
  1924 | D:3      | Killed Ijyb
  1953 | D:3      | Noticed Sigmund
  1969 | D:3      | Killed Sigmund
  1969 | D:3      | Reached skill level 5 in Armour
  1969 | D:3      | Reached skill level 5 in Shields
  1969 | D:3      | Reached XP level 6. HP: 24/37 MP: 6/6
  2135 | D:3      | Reached skill level 4 in Maces & Flails
  2560 | D:4      | Found Emimejal's Antique Armour Boutique.
  2635 | D:4      | Found a radiant altar of Vehumet.
  2656 | D:4      | Found a snail-covered altar of Cheibriados.
  2767 | D:4      | Reached XP level 7. HP: 39/41 MP: 7/7
  2816 | D:4      | Reached * piety under the Shining One
  3188 | D:5      | Entered Level 5 of the Dungeon
  3415 | D:5      | Noticed Prince Ribbit
  3423 | D:5      | Got an ichor-stained spear
  3424 | D:5      | Identified the +6 spear of Jeazxovad {flame, rElec rF+} (You found it on level 5 of the Dungeon)
  3465 | D:5      | Killed Prince Ribbit
  3465 | D:5      | Reached skill level 1 in Polearms
  3465 | D:5      | Reached skill level 6 in Armour
  3465 | D:5      | Reached skill level 6 in Shields
  3581 | D:5      | Found a shimmering altar of Xom.
  3581 | D:5      | Noticed a two-headed ogre
  3588 | D:5      | Killed a two-headed ogre
  3588 | D:5      | Reached skill level 2 in Polearms
  3588 | D:5      | Reached XP level 8. HP: 37/46 MP: 8/8
  3644 | D:5      | Identified the Catalogue of Toxins
  3673 | D:5      | Reached skill level 7 in Shields
  3694 | D:5      | Found an iron altar of Okawaru.
  3705 | D:5      | Reached skill level 3 in Polearms
  3705 | D:5      | Reached skill level 7 in Armour
  3978 | D:6      | Found an iron altar of Okawaru.
  4062 | D:6      | You fall through a shaft for 3 floors!
  4062 | D:9      | Noticed a two-headed ogre
  4072 | D:9      | Killed a two-headed ogre
  4072 | D:9      | Reached skill level 4 in Polearms
  4072 | D:9      | Reached XP level 9. HP: 27/51 MP: 9/9
  4076 | D:9      | Reached skill level 8 in Shields
  4081 | D:9      | Reached ** piety under the Shining One
  4204 | D:9      | Reached skill level 8 in Armour
  4551 | D:9      | Found a basalt altar of Yredelemnul.
  4579 | D:9      | Reached skill level 5 in Polearms
  4620 | D:9      | Found a glowing silver altar of Zin.
  4668 | D:9      | Reached skill level 9 in Shields
  4698 | D:9      | Reached skill level 9 in Armour
  4731 | D:8      | HP: 7/76 [yak (6)]
  4736 | D:8      | HP: 1/76 [yak (7)]
  4954 | D:9      | Reached skill level 6 in Polearms
  4954 | D:9      | Reached XP level 10. HP: 45/56 MP: 10/10
  5125 | D:9      | Found a bloodstained altar of Trog.
  5192 | D:10     | Entered Level 10 of the Dungeon
  5270 | D:10     | Noticed a centaur warrior
  5271 | D:10     | Noticed a wolf spider
  5292 | D:10     | Killed a centaur warrior
  5292 | D:10     | Reached skill level 10 in Shields
  5301 | D:10     | Killed a wolf spider
  5301 | D:10     | Reached skill level 10 in Armour
  5333 | D:10     | Reached skill level 7 in Polearms
  5357 | D:10     | Noticed a hill giant
  5357 | D:10     | Reached *** piety under the Shining One
  5378 | D:10     | Killed a hill giant
  5384 | D:10     | Reached XP level 11. HP: 12/60 MP: 11/11
  5715 | D:10     | Noticed a hill giant
  5723 | D:10     | Killed a hill giant
  5723 | D:10     | Reached skill level 11 in Armour
  5723 | D:10     | Reached skill level 11 in Shields
  5913 | D:10     | Reached skill level 8 in Polearms
  5914 | D:10     | Found a staircase to the Lair.
  6156 | D:10     | Noticed a centaur warrior
  6167 | D:10     | Killed a centaur warrior
  6206 | D:10     | Learned a level 2 spell: Repel Missiles
  6258 | D:11     | Found Zaneffat's Antique Weapon Shoppe.
  6364 | D:11     | Noticed an ogre mage
  6378 | D:11     | Killed an ogre mage
  6644 | D:11     | Found a sacrificial altar of Ru.
  6650 | D:11     | Found a bloodstained altar of Trog.
  6965 | D:11     | Reached **** piety under the Shining One
  7046 | D:11     | Found a portal to a secret trove of treasure.
  7068 | D:11     | Noticed a hill giant
  7083 | D:11     | Killed a hill giant
  7083 | D:11     | Reached skill level 9 in Polearms
  7083 | D:11     | Reached skill level 12 in Shields
  7293 | D:11     | Noticed a hill giant
  7311 | D:11     | Killed a hill giant
  7311 | D:11     | Reached skill level 12 in Armour
  7573 | D:12     | Noticed a hill giant
  7573 | D:12     | Noticed an orc knight
  7574 | D:12     | Noticed an orc warlord
  7576 | D:12     | Noticed a centaur warrior
  7610 | D:12     | Noticed an unseen horror
  7660 | D:12     | Reached XP level 12. HP: 33/64 MP: 12/12
  8236 | D:12     | Noticed an eight-headed hydra
  8245 | D:12     | HP: 5/64 [eight-headed hydra (4)]
  8246 | D:12     | HP: 1/64 [eight-headed hydra (4)]
  8246 | D:12     | The Shining One protects you from harm!
  8248 | D:12     | Killed an eight-headed hydra
  9047 | D:12     | Reached ***** piety under the Shining One
  9357 | D:12     | Found a staircase to the Orcish Mines.
  9395 | D:12     | Found Ahaiwn's General Store.
  9415 | D:12     | Reached skill level 10 in Polearms
  9437 | D:12     | HP: 6/64 [killer bee (3)]
  9784 | D:12     | Found Foubia's Antique Armour Shoppe.
  9841 | D:12     | Found Zecal's Jewellery Shop.
  9879 | D:12     | Reached skill level 13 in Shields
 10272 | Lair:1   | Entered Level 1 of the Lair of Beasts
 10604 | Lair:1   | Reached skill level 1 in Dodging
 10700 | Lair:1   | Reached skill level 4 in Fighting
 10780 | Lair:1   | Reached skill level 2 in Dodging
 11040 | Lair:1   | Reached skill level 5 in Fighting
 11237 | Lair:2   | Reached skill level 3 in Dodging
 11495 | Lair:2   | Got a polished hunting sling
 11496 | Lair:2   | Identified the +4 hunting sling "Moinak" {speed, rPois MR+ Int-5 Dex+7} (You found it on level 2 of the Lair of Beasts)
 11718 | Lair:2   | Reached skill level 6 in Fighting
 11826 | Lair:2   | Reached XP level 13. HP: 61/74 MP: 13/13
 11857 | Lair:2   | Reached skill level 4 in Dodging
 11874 | Lair:2   | HP: 5/75 [acid (15)]
 11884 | Lair:2   | Killed from afar by an oklob plant

Vanquished Creatures
  A hydra (D:12)
  An ogre mage (D:11)
  2 centaur warriors (D:10)
  4 hill giants
  A wolf spider (D:10)
  2 oklob plants (Lair:2)
  A deep elf mage (D:12)
  A cyclops (D:12)
  A centaur zombie (D:10)
  2 black mambas (Lair:2)
  3 spiny frogs
  A kobold demonologist (D:11)
  2 komodo dragons
  A queen bee (D:11)
  4 trolls
  3 meliai
  A merfolk (D:11)
  A hornet (D:11)
  3 two-headed ogres
  Prince Ribbit (D:5)
  Sigmund (D:3)
  A spriggan (D:11)
  A wyvern (D:9)
  3 hippogriffs
  22 yaks
  A vampire mosquito (D:11)
  A mottled dragon (D:10)
  4 water moccasins (Lair:1)
  4 porcupines
  An eye of draining (D:5)
  2 ice beasts (D:10)
  3 orc warriors
  2 necrophages
  A sky beast (D:12)
  An ogre (D:10)
  3 phantoms
  A black bear (D:9)
  3 centaurs
  3 crocodiles
  3 big kobolds
  10 bullfrogs
  A wyvern zombie (D:11)
  A gnoll sergeant (D:9)
  3 scorpions
  20 killer bees
  A howler monkey (D:5)
  6 wights
  6 crimson imps
  A quasit (D:9)
  9 hounds
  A bullfrog skeleton (D:4)
  8 orc priests
  5 centaur skeletons
  A jelly (D:5)
  3 iguanas (D:10)
  A hell rat (D:10)
  Ijyb (D:3)
  5 orc wizards (D:12)
  6 worker ants
  Robin (D:3)
  12 adders
  8 gnolls
  A howler monkey skeleton (D:5)
  3 river rats (D:10)
  A worm (D:4)
  10 dart slugs
  4 leopard geckos
  60 orcs
  2 bats
  2 giant cockroaches
  16 goblins
  10 hobgoblins
  5 jackals (D:2)
  11 kobolds
  2 quokkas
  A ball python (D:3)
  4 frilled lizards
  A jackal skeleton (D:5)
  A quokka skeleton (D:5)
  9 rats
  2 plants (Lair:2)
352 creatures vanquished.

Vanquished Creatures (others)
  2 plants (Lair:2)
2 creatures vanquished.

Grand Total: 354 creatures vanquished
